 Dungeon Crawl Stone Soup version 0.31-a0-986-g5e6e4ef867 (webtiles) character file.

Game seed: 15639569751526316982

311 lunkers the Ruffian (level 7, -2/52 HPs)
             Began as a Meteoran Shapeshifter on Nov 20, 2023.
             Slain by a centaur (4 damage)
             ... on level 4 of the Dungeon.
             The game lasted 00:04:16 (1781 turns).

lunkers the Ruffian (Meteoran Shapeshifter)         Turns: 1781, Time: 00:04:17

Health: -2/52      AC: 10    Str: 16    XL:     7   Next: 2%
Magic:  8/8        EV:  5    Int: 12    God:
Gold:   104        SH:  0    Dex: 15    Spells: 6/6 levels left

rFire   . .          .
                       - Unarmed
rCold   . . .        (no shield)
rNeg    . . .        g - +0 plate armour
rPois   .            (helmet currently unavailable)
rElec   .            (cloak currently unavailable)
rCorr   .            (gloves currently unavailable)
SInv    .            (boots currently unavailable)
Will    .....        (no amulet) Stlth
                     n - ring of flight
HPRegen 0.28/turn    (no ring)
MPRegen 0.11/turn

%: no passive effects
@: beast-form, flying, glowing
A: beast (slay +3), sense surroundings 1, otherworldly, glowing, explore regen
a: Begin Untransformation


You were on level 4 of the Dungeon.
You were a hulking beast.
You visited 1 branch of the dungeon, and saw 4 of its levels.
You also visited: Sewer.

You collected 104 gold pieces.

Inventory:

Armour
 a - a +0 animal skin
 g - a +0 plate armour (worn)
Jewellery
 n - a ring of flight (left hand)
Talismans
 c - a beast talisman
 d - a flux talisman
Scrolls
 e - a scroll of fear
 h - a scroll of amnesia
Potions
 b - a potion of ambrosia
 f - a potion of curing {unknown}
 i - a potion of cancellation {unknown}
 m - a potion of might {unknown}
 p - a potion of attraction {unknown}
 q - a potion of haste {unknown}
 r - a potion of brilliance {unknown}


   Skills:
 - Level 1.1 Fighting
 - Level 2.1 Dodging
 * Level 7.1 Unarmed Combat
 + Level 5.4 Shapeshifting


You had 6 spell levels left.
You didn't know any spells.
Your spell library contained the following spells:

 Spells                   Type           Power      Damage    Failure   Level
 Cause Fear               Hex            0%         N/A       100%        4
 Fireball                 Conj/Fire      0%         3d3       100%        5
 Iskenderun's Battlesphe  Conj           0%         2d6       100%        5
 Bombard                  Conj/Erth      0%         9d1       100%        6
 Conjure Ball Lightning   Conj/Air       0%         3x3d6     100%        6
 Spellforged Servitor     Conj/Summ      0%         N/A       100%        7
 Discord                  Hex            0%         N/A       100%        8
 Disjunction              Tloc           0%         N/A       100%        8
 Dragon's Call            Summ           0%         N/A       100%        9


Dungeon Overview and Level Annotations

Branches:
Dungeon (4/15) Zot: 757     Sewer (visited)
 Temple: D:4-7

Altars:
Fedhas
Zin
The Shining One


Innate Abilities, Weirdness & Mutations

You are a hulking beast.
Your limbs bulge with bestial killing power. (Slay +3)
You passively map a small area around you.
You are easily found by Zot.
You glow in the dark.
You regain HP and MP as you explore.


Message History

The centaur barely misses you.
Unknown command.
You hit the centaur. You punch the centaur.
The centaur is heavily wounded.
The centaur hits you.
* * * LOW HITPOINT WARNING * * *
The centaur kicks you but does no damage.
The centaur hits you but does no damage.
The centaur kicks you but does no damage.
The centaur barely misses you. The centaur kicks you.
* * * LOW HITPOINT WARNING * * *
Unknown command.
Okay, then.
Press: ? - help, v - describe, . - travel, g - get item Item here: a manual of Polearms.
The floor.
You punch the centaur!
The centaur is almost dead.
The centaur hits you but does no damage.
The centaur kicks you but does no damage.
The centaur hits you.
* * * LOW HITPOINT WARNING * * *
The centaur barely misses you.
You hit the centaur.
You kill the centaur!
The centaur barely misses you. The centaur kicks you.
* * * LOW HITPOINT WARNING * * *
Your Unarmed Combat skill increases to level 7!
You have reached level 7!
You hit the centaur.
The centaur is moderately wounded.
The centaur hits you but does no damage.
The centaur barely misses you.
Unknown command.
You punch the centaur! You punch the centaur.
The centaur is severely wounded.
The centaur hits you but does no damage.
The centaur kicks you but does no damage.
The centaur hits you.
You die...

##.#
#############..........#
...# #........#.#, ...#
#.....#....# ...#
####### #..........#,
...#
*,......##....###...#
...# *
##.##.............#,
...#
#...##..#..########,
...#
*.#.##.)#..#......... ,
...#
....:.ch..##.#######
...# *.#..##.#.[##.# ,
,..##..##.# * #.#
...##.# , , ...,..#!##.#
, * ### ..#.##.# ##.#.#
.# ,


You could see a centaur.

Vanquished Creatures
  A water moccasin (Sewer)
  A centaur (D:4)
  4 adders
  A river rat (D:3)
  3 worms
  A dart slug (D:4)
  3 orcs
  4 bats
  3 endoplasms
  7 giant cockroaches
  6 goblins
  7 hobgoblins
  3 jackals
  3 kobolds
  A quokka (D:3)
  8 ball pythons
  2 frilled lizards
  8 rats
66 creatures vanquished.

Notes
Turn   | Place    | Note
-------+----------+-------------------------------------------
     0 | D:1      | lunkers the Meteoran Shapeshifter began the quest for the
                  | Orb.
     0 | D:1      | Reached XP level 1. HP: 16/16 MP: 2/2
    64 | D:1      | Reached XP level 2. HP: 22/23 MP: 3/3
    73 | D:1      | Reached skill level 4 in Unarmed Combat
   384 | D:1      | Reached XP level 3. HP: 28/28 MP: 4/4
   641 | D:2      | Reached XP level 4. HP: 35/35 MP: 5/5
   723 | D:3      | Reached skill level 5 in Unarmed Combat
  1064 | D:3      | Found a glowing silver altar of Zin.
  1065 | D:3      | Found a glowing golden altar of the Shining One.
  1188 | D:3      | Found a glowing drain.
  1192 | Sewer    | Entered a sewer
  1244 | Sewer    | Noticed a water moccasin
  1257 | Sewer    | Killed a water moccasin
  1258 | Sewer    | Reached skill level 6 in Unarmed Combat
  1258 | Sewer    | Reached skill level 5 in Shapeshifting
  1258 | Sewer    | Reached XP level 5. HP: 21/40 MP: 6/6
  1258 | Sewer    | Reached XP level 6. HP: 24/47 MP: 7/7
  1473 | D:3      | Found a blossoming altar of Fedhas.
  1770 | D:4      | Noticed a centaur
  1770 | D:4      | Noticed a centaur
  1778 | D:4      | HP: 2/47 [centaur (4)]
  1779 | D:4      | Killed a centaur
  1780 | D:4      | Reached skill level 7 in Unarmed Combat
  1780 | D:4      | Reached XP level 7. HP: 2/52 MP: 8/8
  1781 | D:4      | Slain by a centaur

Illustrated notes

Levels and vault maps discovered:
D:1:      ncdulo_halloftheorcs, layout_loops_ring, minmay_pentomino_u4
D:2:      layout_basic
D:3:      layout_basic, lemuel_tele_altar, nicolae_overflow_squiral,
          gup_sewer_entry_spiral
D:4:      layout_basic, mainiacjoe_overflow_alcove_1, amcnicky_altar_gilded,
          minmay_manual_mares

Skill      XL: |  1  2  3  4  5  6 |
---------------+-------------------+-----
Unarmed Combat | 4 6 7 |  7.1
Shapeshifting  | 4 5 |  5.4
Fighting       | |  1.1
Dodging        | |  2.1

Action                     |  1- 3 |  4- 6 |  7- 9 || total
---------------------------+-------+-------+-------++-------
  Melee: Unarmed           |    67 |   122 |     2 ||   191
         Punch             |     2 |     7 |     1 ||    10
    Use: Potion            |       |     1 |       ||     1
         Scroll            |       |     7 |       ||     7
 Armour: Animal skin       |     8 |       |       ||     8
         Plate armour      |    38 |   119 |     4 ||   161
         Skin              |       |     6 |       ||     6
  Dodge: Dodged            |    24 |    29 |     1 ||    54

Table legend: (Time is in decaauts)
 A = Elapsed time spent in this place.
 B = Non-inter-level travel time spent in this place.
 C = Inter-level travel time spent in this place.
 D = Time resting spent in this place.
 E = Time spent auto-exploring this place.
 F = Levels seen in this place.
 G = Mean time per level.
                   A        B        C        D        E       F      G
               +--------+--------+--------+--------+--------+-----+--------+
         Total |   1779 |   1779 |      0 |      0 |   1226 |   5 |  355.8 |
       Dungeon |   1641 |   1641 |      0 |      0 |   1141 |   4 |  410.2 |
         Sewer |    138 |    138 |      0 |      0 |     85 |   1 |  138.0 |
               +--------+--------+--------+--------+--------+-----+--------+

Top non-repeatable levels by time:
     D:3: 710 daAuts
     D:1: 386 daAuts
     D:2: 312 daAuts
     D:4: 231 daAuts
   Sewer: 138 daAuts
